 Dungeon Crawl Stone Soup version 0.30-a0-149-g7f746667c4 (webtiles) character file.

Game seed: 17054069521449078537

4 greasedhog the Sneak (level 1, 0/10 HPs)
             Began as a Gargoyle Enchanter on Sept 27, 2022.
             Slain by an endoplasm (3 damage)
             ... on level 1 of the Dungeon.
             The game lasted 00:00:34 (152 turns).

greasedhog the Sneak (Gargoyle Enchanter)            Turns: 152, Time: 00:00:34

Health: 0/10       AC:  4    Str: 11    XL:     1   Next: 70%
Magic:  3/3        EV: 11    Int: 15    God:
Gold:   0          SH:  0    Dex: 10    Spells: 4/4 levels left

rFire   . . .      SeeInvis .    a - +1 dagger
rCold   . . .      Faith    .    (no shield)
rNeg    + . .      Spirit   .    b - +0 robe
rPois   ∞          Reflect  .    (no helmet)
rElec   +          Harm     .    (no cloak)
rCorr   .          Rampage  .    (no gloves)
Will    .....                    (no boots)
Stlth   ++........               (no amulet)
HPRegen 0.03/turn                (no ring)
MPRegen 0.08/turn                (no ring)

@: no status effects
A: sickness immunity, AC +2, negative energy resistance 1, electricity
resistance, torment resistance 1, petrification resistance
a: no special abilities


You were on level 1 of the Dungeon.
You visited 1 branch of the dungeon, and saw 1 of its levels.

Inventory:

Hand Weapons
 a - a +1 dagger (weapon)
Armour
 b - a +0 robe (worn)
Potions
 c - 2 potions of invisibility


   Skills:
 * Level 1.2 Short Blades
 - Level 1.5 Dodging
 * Level 3.5 Stealth
 - Level 2.0 Spellcasting
 - Level 2.6 Hexes


You had 4 spell levels left.
You didn't know any spells.
Your spell library contained the following spells:

 Spells                   Type           Power      Damage    Failure   Level
 Ensorcelled Hibernation  Hex/Ice        10%        N/A       19%         2
 Confusing Touch          Hex            9%         N/A       22%         3
 Tukima's Dance           Hex            9%         N/A       22%         3
 Dazzling Flash           Conj/Hex       10%        N/A       36%         3


Dungeon Overview and Level Annotations

Branches:
Dungeon (1/15)

Altars:


Innate Abilities, Weirdness & Mutations

You are immune to sickness and miasma.
Your stone body is resilient. (AC +2)
You are immune to poison.
You resist negative energy. (rN+)
You are resistant to electric shocks. (rElec)
You are resistant to unholy torment.
You are immune to petrification.


Message History

You kill the jackal!
You barely miss the jackal. The jackal closely misses you.
You hit the jackal.
The jackal is heavily wounded.
The jackal barely misses you.
The jackal bites you but does no damage.
You hit the jackal.
You kill the jackal!
You see here a jackal corpse.
You start resting.
A bat comes into view.
A bat is nearby!
A jackal comes into view.
You see here a scroll labelled CAKHLA GIHIZ.
d - a scroll labelled CAKHLA GIHIZ The jackal barks!
You hear a bark! x2
A jackal comes into view.
The jackal barks!
You see here a jackal corpse.
The bat hits you.
* * * LOW HITPOINT WARNING * * *
The bat completely misses you. The bat barely misses you.
An endoplasm comes into view.
The endoplasm quivers.
The bat barely misses you.
There is a fountain of clear blue water here.
The air fills with toxic fumes!
As you read the scroll labelled CAKHLA GIHIZ, it crumbles to dust.
It was a scroll of poison.
There is a staircase leading out of the dungeon here.
There is a fountain of clear blue water here.
An endoplasm is nearby!
An endoplasm is nearby!
You hit the endoplasm but do no damage. The endoplasm closely misses you.
You barely miss the endoplasm. The endoplasm barely misses you.
You hit the endoplasm.
The endoplasm is heavily wounded.
The endoplasm hits you.
You die...

# #. #.#####
####...☼.#######
#.....@J§°......
#..##♣♣♣§♣♣♣##.. #
♣⌠♣
..♣♣♣♣♣.♣♣♣♣♣...#
.....⌠.<.⌠......##
..♣♣♣♣♣.♣♣♣♣♣....
♣⌠♣ ..#
..##♣♣♣.♣♣♣##..####
.......bh..........


You could see an endoplasm.

Vanquished Creatures
  3 jackals (D:1)
  A rat (D:1)
4 creatures vanquished.

Notes
Turn   | Place    | Note
-------+----------+-------------------------------------------
     0 | D:1      | greasedhog the Gargoyle Enchanter began the quest for the
                  | Orb.
     0 | D:1      | Reached XP level 1. HP: 10/10 MP: 3/3
    36 | D:1      | Reached skill level 1 in Short Blades
   152 | D:1      | Slain by an endoplasm

Illustrated notes

Levels and vault maps discovered:
D:1:      scummos_arrival_forest, layout_loops_ring, serial_shops, shop, shop,
          nicolae_diamond_shop, nicolae_shop_behind_doors,
          hellmonk_ecumenical_altar_leap_of_faith, dreamdust_princess_corridor

Skill      XL: |  1 |
---------------+----+-----
Short Blades   | 1 |  1.2
Dodging        | |  1.5
Stealth        | |  3.5
Spellcasting   | |  2.0
Hexes          | |  2.6

Action                   || total
-------------------------++-------
Melee: Dagger            ||    39
  Use: Scroll            ||     1
Armor: Robe              ||    15
Dodge: Dodged            ||    30

Table legend: (Time is in decaauts)
 A = Elapsed time spent in this place.
 B = Non-inter-level travel time spent in this place.
 C = Inter-level travel time spent in this place.
 D = Time resting spent in this place.
 E = Time spent auto-exploring this place.
 F = Levels seen in this place.
 G = Mean time per level.
                   A        B        C        D        E       F      G
               +--------+--------+--------+--------+--------+-----+--------+
         Total |    150 |    150 |      0 |     78 |      8 |   1 |  150.0 |
       Dungeon |    150 |    150 |      0 |     78 |      8 |   1 |  150.0 |
               +--------+--------+--------+--------+--------+-----+--------+

Top non-repeatable levels by time:
     D:1: 150 daAuts
